 Dungeon Crawl Stone Soup version 0.29-a0-322-g68df515428 (webtiles) character file.

Game seed: 1159686360837468517

204 bande the Covered (level 5, 0/33 HPs)
             Began as a Gargoyle Fighter on Apr 8, 2022.
             Slain by Edmund
             ... wielding a +3 vorpal dire flail
              (2 damage)
             ... on level 4 of the Dungeon.
             The game lasted 00:05:45 (3355 turns).

bande the Covered (Gargoyle Fighter)                Turns: 3355, Time: 00:05:46

Health: 0/33       AC: 13    Str: 20    XL:     5   Next: 82%
Magic:  0/5        EV:  7    Int:  8    God:
Gold:   374        SH:  5    Dex: 11    Spells: 4/4 levels left

rFire   + . .      SeeInvis .   a - +0 war axe
rCold   + . .      Faith    .   c - +1 buckler
rNeg    + + .      Spirit   +   k - +0 chain mail
rPois   ∞          Reflect  .   (no helmet)
rElec   +          Harm     .   b - scarf {rC+ rF+}
rCorr   .          Rampage  .   (no gloves)
Will    .....                   (no boots)
Stlth   ..........              i - amulet of guardian spirit
HPRegen 0.11/turn               f - ring of positive energy
MPRegen 0.09/turn               (no ring)

@: mighty, studying Shields
A: sickness immunity, AC +4, negative energy resistance 1, electricity
resistance, torment resistance 1, petrification resistance
a: no special abilities


You were on level 4 of the Dungeon.
You visited 1 branch of the dungeon, and saw 4 of its levels.

You collected 374 gold pieces.

Inventory:

Hand Weapons
 a - a +0 war axe (weapon)
Armour
 b - a scarf of resistance (worn)
 c - a +1 buckler (worn)
 k - a +0 chain mail (worn)
Jewellery
 f - a ring of positive energy (left hand)
 i - an amulet of guardian spirit (around neck)
Wands
 m - a wand of paralysis (5)
Potions
 e - 3 potions of flight
 g - 2 potions of haste {unknown}
 h - a potion of brilliance
 j - a potion of attraction {unknown}
 l - a potion of invisibility {unknown}
 n - a potion of heal wounds {unknown}


   Skills:
 + Level 4.1 Fighting
 + Level 3.7 Axes
 + Level 4.3 Armour
 - Level 0.2 Dodging
 + Level 4.1 Shields


You had 4 spell levels left.
You didn't know any spells.
Your spell library contained the following spells:

 Spells                   Type           Power      Damage    Failure   Level
 Conjure Flame            Conj/Fire      0%         6-21      100%        3
 Ignite Poison            Fire/Tmut/Pois 0%         N/A       100%        3
 Inner Flame              Hex/Fire       0%         N/A       100%        3
 Cause Fear               Hex            0%         N/A       100%        4
 Sticky Flame             Conj/Fire      0%         2d3       100%        4
 Discord                  Hex            0%         N/A       100%        8


Dungeon Overview and Level Annotations

Branches:
Dungeon (4/15)
 Temple: D:4-7

Altars:
Cheibriados
Yredelemnul

Shops:
D:1 (=?   D:4 =

Annotations:
D:4 Edmund


Innate Abilities, Weirdness & Mutations

You are immune to sickness and miasma.
Your stone body is resilient. (AC +4)
You are immune to poison.
You resist negative energy. (rN+)
You are resistant to electric shocks. (rElec)
You are resistant to unholy torment.
You are immune to petrification.


Message History

No target in view!
No target in view!
No target in view!
No target in view!
Found a scale mail.
Edmund the Younger comes into view.
He is wielding a +3 vorpal dire flail.
Edmund shouts!
You block Edmund's attack.
You slash Edmund!
Edmund is moderately wounded.
Edmund hits you with a +3 vorpal dire flail!
You hit Edmund.
Edmund is moderately wounded.
Edmund hits you with a +3 vorpal dire flail.
You hit Edmund but do no damage.
Edmund is moderately wounded.
Edmund barely misses you. You block Edmund's attack.
You hit Edmund but do no damage.
Edmund is moderately wounded.
Edmund hits you but does no damage.
You barely miss Edmund.
Edmund is moderately wounded.
Edmund barely misses you. Edmund closely misses you.
You barely miss Edmund.
Edmund is moderately wounded.
Edmund hits you with a +3 vorpal dire flail!
* * * LOW HITPOINT WARNING * * *
You are too injured to fight recklessly!
You are too injured to fight recklessly!
You are too injured to fight recklessly!
You feel very mighty all of a sudden.
Edmund hits you with a +3 vorpal dire flail.
* * * LOW HITPOINT WARNING * * *
x2 You hit Edmund.
Edmund is moderately wounded.
You block Edmund's attack. x2
You slash Edmund!
Edmund is severely wounded.
Edmund hits you with a +3 vorpal dire flail.
You die...

## #. .#
#. . ##
#. .#...
#.###...#
#.@....#
#@[# #..#
#..#
##..#
#...#
#..##
#..# #..#
#..#


You could see Edmund.

Vanquished Creatures
  An orc priest (D:4)
  An iguana (D:4)
  Ijyb (D:3)
  5 adders
  2 worms (D:2)
  A dart slug (D:1)
  7 orcs
  3 ball pythons
  5 endoplasms
  2 giant cockroaches
  6 goblins
  5 hobgoblins
  4 quokkas
  6 bats
  A frilled lizard (D:1)
  9 kobolds
  4 rats
63 creatures vanquished.

Notes
Turn   | Place    | Note
-------+----------+-------------------------------------------
     0 | D:1      | bande the Gargoyle Fighter began the quest for the Orb.
     0 | D:1      | Reached XP level 1. HP: 14/14 MP: 1/1
    37 | D:1      | Found Qutzua's Magic Scroll Emporium.
   139 | D:1      | Reached XP level 2. HP: 19/19 MP: 2/2
   332 | D:1      | Found Neneqasy's Jewellery Emporium.
   437 | D:1      | Reached XP level 3. HP: 21/23 MP: 3/3
   556 | D:1      | Found a faded altar of an unknown god.
   578 | D:1      | Found Diymahia's Weapon Shop.
  1415 | D:2      | Reached XP level 4. HP: 23/29 MP: 4/4
  2236 | D:3      | Found a snail-covered altar of Cheibriados.
  2794 | D:3      | Noticed Ijyb
  2796 | D:3      | Paralysed by Ijyb for 7 turns
  2810 | D:3      | Killed Ijyb
  2811 | D:3      | Reached XP level 5. HP: 29/33 MP: 5/5
  3219 | D:4      | Identified a scroll of acquirement
  3219 | D:4      | Acquired a manual of Shields
  3236 | D:4      | Found Moil's Jewellery Shop.
  3290 | D:4      | Found a basalt altar of Yredelemnul.
  3343 | D:4      | Noticed Edmund
  3355 | D:4      | Slain by Edmund

Illustrated notes

Levels and vault maps discovered:
D:1:      lightli_iron_boxes, layout_loops_ring, serial_shops, shop_coins, shop,
          nicolae_shop_advertising_works [nicolae_subvault_shop_adworks],
          hellmonk_ecumenical_altar_inner_sanctum, skrybe_limestone_x
D:2:      layout_basic
D:3:      layout_basic, cheibriados_altar_1, uniq_ijyb
D:4:      layout_loops_ring, nicolae_uskayaw_dance_hall, amcnicky_altar_gilded,
          kennysheep_mini, serial_shops, nicolae_shop_hallway_stairs,
          kennysheep_flooded_box, kennysheep_small_square, uniq_edmund

Skill      XL: |  1  2  3  4  5 |
---------------+----------------+-----
Axes           | 2 3 |  3.7
Armour         | 4 |  4.3
Shields        | 4 |  4.1
Fighting       | 4 |  4.1
Dodging        | |  0.2

Action                   |  1- 3 |  4- 6 || total
-------------------------+-------+-------++-------
Melee: War axe           |   117 |    98 ||   215
  Use: Scroll            |     4 |     6 ||    10
       Potion            |       |     1 ||     1
Armor: Scale mail        |    71 |       ||    71
       Chain mail        |    16 |    68 ||    84
Dodge: Dodged            |    54 |    36 ||    90
Block: Buckler           |    28 |    28 ||    56

Table legend: (Time is in decaauts)
 A = Elapsed time spent in this place.
 B = Non-inter-level travel time spent in this place.
 C = Inter-level travel time spent in this place.
 D = Time resting spent in this place.
 E = Time spent auto-exploring this place.
 F = Levels seen in this place.
 G = Mean time per level.
                   A        B        C        D        E       F      G
               +--------+--------+--------+--------+--------+-----+--------+
         Total |   3448 |   3389 |     59 |    563 |   2122 |   4 |  862.0 |
       Dungeon |   3448 |   3389 |     59 |    563 |   2122 |   4 |  862.0 |
               +--------+--------+--------+--------+--------+-----+--------+

Top non-repeatable levels by time:
     D:1: 1113 daAuts
     D:2: 1111 daAuts
     D:3: 1050 daAuts
     D:4: 172 daAuts
